AoeStats
← [NICE_ASS] BigMasi

Highland

504586325Analyzed
3v3 RM · 27d ago on Sep 5, 2026· 12m 47s· 6 players
Game mode
Random Map
Map size
Normal (6 player)
Population
200
Speed
Normal
Resources
Standard
Victory
Conquest
Starting age
Dark Age
Ending age
Imperial Age
RankedLock teamsTeams togetherTeam positionsShared explorationLock speedFull tech treeHidden civsTurbo modeCheats
Victory
Defeat
🇨🇱 Lithuanians · Chile
1287
+13
🇨🇭 Muisca · Switzerland
1197
+17
🇲🇹 Mongols · Malta
1174
+17
🇦🇺 Vikings · Australia
1244
-17
🇹🇷 Persians · Türkiye
1224
-16
🇹🇷 Teutons · Türkiye
1182
-14
Arfah
9:30 Loom
11:15 Feudal Age
Grim Reaper
7:34 Loom
10:03 Feudal Age
10:30 Double-Bit Axe
10:26 Horse Collar
Rin
11:17 Feudal Age
[NICE_ASS] BigMasi
8:52 Loom
11:34 Feudal Age
JuLi4n00
5:24 Loom
9:07 Feudal Age
Mankoreño
9:43 Feudal Age
15:11 Castle Age
Connection lost

Rejoining the realm…

Still unreachable

The connection could not be restored.

Session expired

The server has moved on; the page needs a fresh start.